 Dungeon Sprint DCSS version 0.30.1-11-g7821555f0a (webtiles) character file.

Game seed: 16057024159087409578

641 Heoruswealwe the Martial Artist (level 7, 0/88 HPs)
             Began as a Gnoll Transmuter on Nov 1, 2023.
             Was an Initiate of Gozag.
             Slain by a human (6 damage)
             ... in the Dungeon (Sprint III: "The Ten Rune Challenge").
             The game lasted 00:03:45 (615 turns).

Heoruswealwe the Martial Artist (Gnoll Transmuter)   Turns: 615, Time: 00:03:46

Health: 0/88       AC:  2    Str: 11    XL:     7   Next: 51%
Magic:  18/18      EV: 14    Int: 13    God:    Gozag
Gold:   121        SH:  0    Dex: 12    Spells: 11/21 levels left

rFire   . .          .
                       - Unarmed
rCold   . . .        (no shield)
rNeg    . . .        c - +0 robe
rPois   .            (helmet currently unavailable)
rElec   .            (no cloak)
rCorr   .            (no gloves)
SInv    .            (boots currently unavailable)
Will    .....        (no amulet) Stlth
                     (no ring)
HPRegen 0.34/turn    (no ring)
MPRegen 0.16/turn

%: no teleportation
@: berserking (expiring), appendages (expiring), gold aura, very quick
A: horns 2, talons 2, fangs 1, strong nose, distributed training
a: End Transformation, Renounce Religion, Potion Petition, Call Merchant, Bribe
Branch


You were in the Dungeon.
You worshipped Gozag.
Gozag was aware of your devotion.
You had temporarily grown beastly horns and talons.
You visited 1 branch You collected 121 gold pieces.

Inventory:

Armour
 c - a +0 robe (worn)
Wands
 b - a wand of digging (2)
Scrolls
 h - a scroll of blinking
 j - 2 scrolls of poison {unknown}
 k - 3 scrolls of identify
Potions
 a - a potion of curing
 d - a potion of heal wounds
 e - a potion of haste
 f - 2 potions of magic
 i - 3 potions of mutation {unknown}
 l - 4 potions of flight


   Skills:
 + Level 6.4 Fighting
 + Level 5.8 Short Blades
 + Level 5.8 Long Blades
 + Level 5.8 Axes
 + Level 5.8 Maces & Flails
 + Level 5.8 Polearms
 + Level 5.8 Staves
 + Level 5.8 Ranged Weapons
 + Level 5.8 Throwing
 + Level 5.8 Armour
 + Level 7.5 Dodging
 + Level 5.8 Stealth
 + Level 5.8 Shields
 + Level 8.9 Unarmed Combat
 + Level 7.7 Spellcasting
 + Level 4.8 Conjurations
 + Level 4.8 Hexes
 + Level 4.8 Summonings
 + Level 4.8 Necromancy
 + Level 4.8 Translocations
 + Level 6.2 Transmutations
 + Level 4.8 Fire Magic
 + Level 4.8 Ice Magic
 + Level 4.8 Air Magic
 + Level 4.8 Earth Magic
 + Level 4.8 Poison Magic
 + Level 6.4 Invocations
 + Level 5.8 Evocations


You had 11 spell levels left.
You knew the following spells:

 Your Spells              Type           Power      Damage    Failure   Level
a - Beastly Appendage     Tmut           42%        N/A       1%          1
b - Wereblood             Tmut           21%        N/A       1%          2
c - Spider Form           Tmut/Pois      19%        N/A       4%          3
d - Ice Form              Ice/Tmut       19%        N/A       14%         4

Your spell library contained the following spells:

 Spells                   Type           Power      Damage    Failure   Level


Dungeon Overview and Level Annotations

Branches:
Dungeon (1/1)

Altars:
Cheibriados
Dithmenos
Fedhas
Gozag
Hepliaklqana
Makhleb
Nemelex Xobeh
Okawaru
Qazlal
Ru
Trog
Uskayaw
Wu Jian
Xom
Yredelemnul
Jiyva
Lugonu


Innate Abilities, Weirdness & Mutations

You have temporarily grown beastly horns and talons.
You have very sharp teeth.
Your uncanny sense of smell can sniff out nearby items.
Your experience applies equally to all skills.


Message History

The human is lightly wounded.
The human hits you. The human barely misses you.
You closely miss the human. Your kick misses the human.
The human is lightly wounded.
The human hits you! The human misses you. The human completely misses you.
You hit the human. You claw the human, but do no damage.
Your headbutt misses the human. You punch the human, but do no damage.
The human is moderately wounded.
The human hits you. The human hits you but does no damage.
You closely miss the human. You claw the human. Your punch misses the human.
The human is moderately wounded.
The human hits you!
* * * LOW HITPOINT WARNING * * *
The human attacks as you move away! The human misses you.
There is an open door here.
A red film seems to cover your vision as you go berserk!
You feel yourself moving faster!
You feel mighty! The human hits you.
* * * LOW HITPOINT WARNING * * *
The human hits you!
* * * LOW HITPOINT WARNING * * *
You are too berserk!
You punch the human! Your kick misses the human. You headbutt the human.
The human is severely wounded.
The human hits you but does no damage.
You hit the human. You claw the human!
The human is almost dead.
You hit the human. You claw the human!
You kill the human!
You closely miss the human. You claw the human!
The human is moderately wounded.
Your transformation is almost over.
The human hits you!
* * * LOW HITPOINT WARNING * * *
You punch the human! You claw the human! Your headbutt misses the human.
The human is almost dead.
You miss the human.
The human is almost dead.
The human hits you.
You die...
Your body crumbles into a pile of gold.

▓▓▓▓▓▓ ▓▓▓ ...♣.♣ ♣.#
######## $ $ $ .....♣ ♣.#
#___#__#$$$ $$ $$$ .....♣
♣♣.#∆ #__)#._#$$ $
...†~♣♣♣♣..###+#p###[## $
$ ...~~..♣♣..#....@.....#
$ $
..~~~~♣.♣♣.'.⌠........#$$$
$ $
..~≈≈~~~...#...######'#$
.~~≈~~~....#.⌠.#__#...#
.~≈~~~.....#...#__#...#
.~~~.......#+###__#...#
...........# ∆∆#__#...+
...........# #__'...#
▓▓▓▓▓▓▓▓▓▓▓▓ ▓▓▓▓▓▓▓▓


You could see a human (strong).

Vanquished Creatures
  A shadow (D)
  A spatial vortex (D)
  A water elemental (D)
  A necrophage (D)
  A jelly (D)
  Jessica (D)
  A necromancer (D)
  2 humans (D)
  A wolf (D)
  3 rats (D)
13 creatures vanquished.

Notes
Turn   | Place    | Note
-------+----------+-------------------------------------------
     0 | D        | Heoruswealwe the Gnoll Transmuter began the quest for the
                  | Orb.
     0 | D        | Reached XP level 1. HP: 17/17 MP: 6/6
    14 | D        | Noticed Jessica
    22 | D        | Killed Jessica
    23 | D        | Reached skill level 1 in Short Blades
    23 | D        | Reached skill level 1 in Long Blades
    23 | D        | Reached skill level 1 in Axes
    23 | D        | Reached skill level 1 in Maces & Flails
    23 | D        | Reached skill level 1 in Polearms
    23 | D        | Reached skill level 1 in Staves
    23 | D        | Reached skill level 1 in Ranged Weapons
    23 | D        | Reached skill level 1 in Throwing
    23 | D        | Reached skill level 1 in Armour
    23 | D        | Reached skill level 1 in Stealth
    23 | D        | Reached skill level 1 in Shields
    23 | D        | Reached skill level 5 in Spellcasting
    23 | D        | Reached skill level 1 in Conjurations
    23 | D        | Reached skill level 1 in Hexes
    23 | D        | Reached skill level 1 in Summonings
    23 | D        | Reached skill level 1 in Necromancy
    23 | D        | Reached skill level 1 in Translocations
    23 | D        | Reached skill level 1 in Fire Magic
    23 | D        | Reached skill level 1 in Ice Magic
    23 | D        | Reached skill level 1 in Air Magic
    23 | D        | Reached skill level 1 in Earth Magic
    23 | D        | Reached skill level 1 in Poison Magic
    23 | D        | Reached skill level 1 in Evocations
    23 | D        | Reached XP level 2. HP: 24/24 MP: 6/8
    23 | D        | Reached XP level 3. HP: 29/29 MP: 6/9
    73 | D        | Reached skill level 5 in Dodging
   110 | D        | Reached skill level 7 in Unarmed Combat
   110 | D        | Reached XP level 4. HP: 3/36 MP: 9/11
   268 | D        | Noticed a water elemental
   272 | D        | Killed a water elemental
   273 | D        | Reached XP level 5. HP: 42/42 MP: 11/13
   304 | D        | Noticed a shadow
   314 | D        | Killed a shadow
   315 | D        | Reached skill level 5 in Fighting
   315 | D        | Reached skill level 8 in Unarmed Combat
   315 | D        | Reached skill level 5 in Transmutations
   315 | D        | Reached XP level 6. HP: 28/51 MP: 13/15
   318 | D        | Reached skill level 5 in Invocations
   428 | D        | Found a blossoming altar of Fedhas.
   428 | D        | Found a stormy altar of Qazlal.
   428 | D        | Found a snail-covered altar of Cheibriados.
   428 | D        | Found a burning altar of Makhleb.
   428 | D        | Found a shimmering altar of Xom.
   428 | D        | Noticed a spatial vortex
   429 | D        | Found a hazy altar of Hepliaklqana.
   429 | D        | Found an opulent altar of Gozag.
   429 | D        | Found a sparkling altar of Nemelex Xobeh.
   429 | D        | Found a corrupted altar of Lugonu.
   429 | D        | Found a viscous altar of Jiyva.
   435 | D        | Killed a spatial vortex
   436 | D        | Reached skill level 5 in Short Blades
   436 | D        | Reached skill level 5 in Long Blades
   436 | D        | Reached skill level 5 in Axes
   436 | D        | Reached skill level 5 in Maces & Flails
   436 | D        | Reached skill level 5 in Polearms
   436 | D        | Reached skill level 5 in Staves
   436 | D        | Reached skill level 5 in Ranged Weapons
   436 | D        | Reached skill level 5 in Throwing
   436 | D        | Reached skill level 5 in Armour
   436 | D        | Reached skill level 5 in Stealth
   436 | D        | Reached skill level 5 in Shields
   436 | D        | Reached skill level 5 in Evocations
   438 | D        | Became a worshipper of Gozag Ym Sagoz the Greedy
   548 | D        | Learned a level 2 spell: Wereblood
   552 | D        | Learned a level 3 spell: Spider Form
   557 | D        | Learned a level 4 spell: Ice Form
   562 | D        | Found a basalt altar of Yredelemnul.
   562 | D        | Found a shadowy altar of Dithmenos.
   562 | D        | Found a sacrificial altar of Ru.
   564 | D        | Reached XP level 7. HP: 57/57 MP: 15/17
   598 | D        | Found a hide-covered altar of Uskayaw.
   598 | D        | Found an iron altar of Okawaru.
   598 | D        | Found a bloodstained altar of Trog.
   598 | D        | Found an ornate altar of the Wu Jian Council.
   598 | D        | Noticed a human
   599 | D        | Noticed a human
   611 | D        | Killed a human
   615 | D        | Slain by a human

Illustrated notes

Levels and vault maps discovered:
D:        dungeon_sprint_mu [sprint_mu_entry_forest, sprint_mu_temple_rooms,
          sprint_mu_d1_horrors, sprint_mu_d2_genie, sprint_mu_d3_branching,
          sprint_mu_orc_legion, sprint_mu_elf_gauntlet, sprint_mu_hive_nellie,
          sprint_mu_lair_fedhas, sprint_mu_vaults_butterflies,
          sprint_mu_slime_circle, sprint_mu_swamp_cave, sprint_mu_snake_twists,
          sprint_mu_blade_basic, sprint_mu_crypt_fortress,
          sprint_mu_tomb_spiral, sprint_mu_vestibule_basic,
          sprint_mu_gehenna_hellfire, sprint_mu_dis_giant,
          sprint_mu_tartarus_statrot, sprint_mu_cocytus_islands, sprint_mu_zot1]

Skill      XL: |  1  2  3  4  5  6  7 |
---------------+----------------------+-----
Fighting       | 3 4 5 6 |  6.4
Short Blades   | 1 2 3 4 5 |  5.8
Long Blades    | 1 2 3 4 5 |  5.8
Axes           | 1 2 3 4 5 |  5.8
Maces & Flails | 1 2 3 4 5 |  5.8
Polearms       | 1 2 3 4 5 |  5.8
Staves         | 1 2 3 4 5 |  5.8
Ranged Weapons | 1 2 3 4 5 |  5.8
Throwing       | 1 2 3 4 5 |  5.8
Armour         | 1 2 3 4 5 |  5.8
Stealth        | 1 2 3 4 5 |  5.8
Shields        | 1 2 3 4 5 |  5.8
Spellcasting   | 5 6 7 |  7.7
Conjurations   | 1 2 3 4 |  4.8
Hexes          | 1 2 3 4 |  4.8
Summonings     | 1 2 3 4 |  4.8
Necromancy     | 1 2 3 4 |  4.8
Translocations | 1 2 3 4 |  4.8
Transmutations | 4 5 6 |  6.2
Fire Magic     | 1 2 3 4 |  4.8
Ice Magic      | 1 2 3 4 |  4.8
Air Magic      | 1 2 3 4 |  4.8
Earth Magic    | 1 2 3 4 |  4.8
Poison Magic   | 1 2 3 4 |  4.8
Invocations    | 2 3 4 5 6 |  6.4
Evocations     | 1 2 3 4 5 |  5.8
Dodging        | 5 6 7 |  7.5
Unarmed Combat | 7 8 |  8.9

Action                     |  1- 3 |  4- 6 |  7- 9 || total
---------------------------+-------+-------+-------++-------
  Melee: Unarmed           |    31 |    18 |    14 ||    63
         Bite              |     5 |     1 |     1 ||     7
         Kick              |     6 |     5 |     8 ||    19
         Punch             |     2 |       |     1 ||     3
         Headbutt          |     2 |     5 |     2 ||     9
   Cast: Beastly Appendage |     3 |     3 |     1 ||     7
    Use: Potion            |       |     1 |     1 ||     2
 Armour: Robe              |     3 |       |     2 ||     5
         Skin              |       |     2 |       ||     2
  Dodge: Dodged            |    20 |     5 |     8 ||    33
